 Dungeon Crawl Stone Soup version 0.30-a0-778-g2ef04afb54 (webtiles) character file.

Game seed: 16966238195749182848

6 greasedhog the Firebug (level 1, 0/10 HPs)
             Began as a Gargoyle Fire Elementalist on Feb 15, 2023.
             Slain by a hobgoblin (4 damage)
             ... on level 1 of the Dungeon.
             The game lasted 00:00:52 (123 turns).

greasedhog the Firebug (Gargoyle Fire Elementalist)  Turns: 123, Time: 00:00:53

Health: 0/10       AC:  4    Str: 11    XL:     1   Next: 90%
Magic:  0/3        EV: 11    Int: 15    God:
Gold:   11         SH:  0    Dex: 10    Spells: 3/4 levels left

rFire   . . .      SeeInvis .    (no weapon)
rCold   . . .      Faith    .    (no shield)
rNeg    + . .      Spirit   .    a - +0 robe
rPois   ∞          Reflect  .    (no helmet)
rElec   +          Harm     .    (no cloak)
rCorr   .          Rampage  .    (no gloves)
Will    .....                    (no boots)
Stlth   ++                       (no amulet)
HPRegen 0.21/turn                (no ring)
MPRegen 0.08/turn                (no ring)

@: very slightly contaminated
A: sickness immunity, AC +2, negative energy resistance 1, electricity
resistance, torment resistance 1, petrification resistance
a: no special abilities


You were on level 1 of the Dungeon.
You visited 1 branch of the dungeon, and saw 1 of its levels.

You collected 11 gold pieces.

Inventory:

Armour
 a - a +0 robe (worn)
Scrolls
 c - a scroll of brand weapon {unknown}
Potions
 b - a potion of magic


   Skills:
 - Level 1.5 Dodging
 - Level 2.1 Stealth
 * Level 2.2 Spellcasting
 + Level 1.3 Conjurations
 * Level 3.1 Fire Magic


You had 3 spell levels left.
You knew the following spells:

 Your Spells              Type           Power      Damage    Failure   Level
a - Foxfire               Conj/Fire      32%        2x1d5     9%          1

Your spell library contained the following spells:

 Spells                   Type           Power      Damage    Failure   Level
 Scorch                   Fire           22%        2d6       9%          2
 Inner Flame              Hex/Fire       6%         N/A       34%         3
 Kindle Blastsparks       Fire/Tloc/Air  8%         2d10      38%         3
 Flame Wave               Conj/Fire      8%         2d5       65%         4


Dungeon Overview and Level Annotations

Branches:
Dungeon (1/15)

Altars:


Innate Abilities, Weirdness & Mutations

You are immune to sickness and miasma.
Your stone body is resilient. (AC +2)
You are immune to poison.
You resist negative energy. (rN+)
You are resistant to electric shocks. (rElec)
You are resistant to unholy torment.
You are immune to petrification.


Message History

The rat bites you but does no damage.
You hit the rat.
You kill the rat!
The bat barely misses you.
You completely miss the bat. The bat closely misses you.
The bat hits you but does no damage.
The hobgoblin hits you but does no damage.
You are too injured to fight recklessly!
Casting: Foxfire (safe; 9% risk of failure)
Confirm with . or Enter, or press ? or * to list all spells.
You conjure some foxfire!
The foxfire hits the bat but does no damage.
The bat hits you but does no damage. The hobgoblin closely misses you.
The foxfire hits the bat.
The bat is moderately wounded.
The bat hits you but does no damage.
The hobgoblin hits you but does no damage.
The bat hits you. The bat attacks as you move away! The bat closely misses you.
The bat hits you but does no damage. The bat hits you but does no damage.
You closely miss the bat. The bat barely misses you.
The hobgoblin hits you but does no damage.
Found 3 stones.
The bat barely misses you.
You hit the hobgoblin but do no damage. The bat misses you.
The hobgoblin hits you.
* * * LOW HITPOINT WARNING * * *
The bat hits you but does no damage. The bat barely misses you.
The hobgoblin attacks as you move away! The hobgoblin closely misses you.
The bat hits you but does no damage. The hobgoblin attacks as you move away!
The hobgoblin barely misses you. The bat misses you.
Casting: Foxfire (safe; 9% risk of failure)
Confirm with . or Enter, or press ? or * to list all spells.
You miscast Foxfire.
You are very lightly contaminated with residual magic.
Nothing appears to happen.
The bat hits you but does no damage. The hobgoblin hits you.
You die...

# .# #######.#
.##.....(.
#.#......#
#####.#.....#
#?....#...@# ####
#.....#.bg## ...#
#.....#..## ...#
#.....#..# ...#
#.....#..#
...####.....#..#
.....>......#..##
............#...##
.†........#.#....#


You could see a hobgoblin and a bat.

Vanquished Creatures
  A giant cockroach (D:1)
  2 jackals (D:1)
  A quokka (D:1)
  A rat (D:1)
5 creatures vanquished.

Vanquished Creatures (others)
  15 foxfires (D:1)
15 creatures vanquished.

Grand Total: 20 creatures vanquished

Notes
Turn   | Place    | Note
-------+----------+-------------------------------------------
     0 | D:1      | greasedhog the Gargoyle Fire Elementalist began the quest
                  | for the Orb.
     0 | D:1      | Reached XP level 1. HP: 10/10 MP: 3/3
   123 | D:1      | Slain by a hobgoblin

Illustrated notes

Levels and vault maps discovered:
D:1:      giann_horns, layout_basic, minmay_lizard_king

Action                     || total
---------------------------++-------
  Melee: Unarmed           ||     9
   Cast: Foxfire           ||     9
 Armour: Robe              ||    27
  Dodge: Dodged            ||    40

Table legend: (Time is in decaauts)
 A = Elapsed time spent in this place.
 B = Non-inter-level travel time spent in this place.
 C = Inter-level travel time spent in this place.
 D = Time resting spent in this place.
 E = Time spent auto-exploring this place.
 F = Levels seen in this place.
 G = Mean time per level.
                   A        B        C        D        E       F      G
               +--------+--------+--------+--------+--------+-----+--------+
         Total |    123 |    123 |      0 |      0 |     56 |   1 |  123.0 |
       Dungeon |    123 |    123 |      0 |      0 |     56 |   1 |  123.0 |
               +--------+--------+--------+--------+--------+-----+--------+

Top non-repeatable levels by time:
     D:1: 123 daAuts
